 Dungeon Crawl Stone Soup version 0.25.0-26-g0c896c7088 (console) character file.

Game seed: 1952464364264254260

7632 Cab the Magician (level 11, -6/75 HPs)
             Began as a Gnoll Skald on July 4, 2020.
             Was a Believer of Hepliaklqana.
             Mangled by a death yak (17 damage)
             ... on level 9 of the Dungeon.
             The game lasted 00:49:05 (8229 turns).

Cab the Magician (Gnoll Skald)                      Turns: 8229, Time: 00:49:05

Health: -6/75      AC: 18    Str: 21    XL:     11   Next: 18%
Magic:  20/22      EV: 14    Int: 17    God:    Hepliaklqana [**....]
Gold:   593        SH:  0    Dex: 15    Spells: 15/25 levels left

rFire    . . .     SeeInvis .   G - +1 flail (holy)
rCold    . . .     Gourm    .   (no shield)
rNeg     . . .     Faith    .   m - +1 scale mail
rPois    .         Spirit   .   t - +0 helmet
rElec    .         Reflect  .   u - +2 cloak
rCorr    .         Harm     .   (no gloves)
MR       .....                  D - +0 pair of boots
Stlth    ++........             J - amulet of regeneration
HPRegen  0.62/turn              f - +6 ring of strength
MPRegen  0.18/turn              H - +4 ring of protection

@: mighty
A: distributed training, reduced essence, fangs 1, strong nose
a: Recall Ancestor, Ancestor Identity, Renounce Religion


You were on level 9 of the Dungeon.
You worshipped Hepliaklqana.
Hepliaklqana was pleased with you.
You were hungry.

You visited 2 branches of the dungeon, and saw 11 of its levels.

You collected 658 gold pieces.
You spent 65 gold pieces at shops.

Inventory:

Hand Weapons
 z - a +2 vorpal mace
 G - a +1 flail of holy wrath (weapon)
Armour
 m - a +1 scale mail (worn)
 t - a +0 helmet (worn)
 u - a +2 cloak (worn)
 D - a +0 pair of boots (worn)
Jewellery
 c - a +4 ring of evasion
 f - a +6 ring of strength (left hand)
 i - a +6 ring of dexterity
 l - a +6 ring of intelligence
 v - an uncursed ring of see invisible
 y - an uncursed ring of protection from fire
 H - a +4 ring of protection (right hand)
 J - an amulet of regeneration (around neck)
 M - an uncursed ring of ice
Wands
 a - a wand of disintegration (26)
 b - a wand of polymorph (8)
 j - a wand of paralysis (2)
 x - a wand of flame (32)
 B - a wand of digging (5)
Scrolls
 g - 7 scrolls of teleportation
 h - 2 scrolls of identify
 k - 8 scrolls of remove curse
 o - 3 scrolls of amnesia
 p - a scroll of fog
 q - 2 scrolls of blinking
 s - 3 scrolls of fear
 I - 5 scrolls of magic mapping
 L - a scroll of immolation {unknown}
Potions
 e - a potion of resistance
 n - a potion of heal wounds
 r - a potion of mutation
 w - a potion of magic
 A - a potion of stabbing {unknown}
 C - a potion of curing
 E - 3 potions of lignification {unknown}
 F - 2 potions of might
 K - a potion of haste {unknown}
Comestibles
 d - 18 rations
 N - 3 chunks of flesh


   Skills:
 + Level 7.6 Fighting
 + Level 5.9 Short Blades
 + Level 5.9 Long Blades
 + Level 5.9 Axes
 + Level 7.6 Maces & Flails
 + Level 5.9 Polearms
 + Level 5.9 Staves
 + Level 5.9 Slings
 + Level 5.9 Bows
 + Level 5.9 Crossbows
 + Level 5.9 Throwing
 + Level 6.5 Armour
 + Level 7.6 Dodging
 + Level 5.9 Stealth
 + Level 5.9 Shields
 + Level 5.9 Unarmed Combat
 + Level 7.8 Spellcasting
 + Level 4.9 Conjurations
 + Level 4.9 Hexes
 + Level 7.4 Charms
 + Level 4.9 Summonings
 + Level 4.9 Necromancy
 + Level 4.9 Translocations
 + Level 4.9 Transmutations
 + Level 4.9 Fire Magic
 + Level 4.9 Ice Magic
 + Level 4.9 Air Magic
 + Level 4.9 Earth Magic
 + Level 4.9 Poison Magic
 + Level 6.5 Invocations
 + Level 5.9 Evocations


You had 15 spell levels left.
You knew the following spells:

 Your Spells              Type           Power        Failure   Level  Hunger
a - Infusion              Chrm           ####         1%          1    None
b - Song of Slaying       Chrm           ####....     1%          2    None
c - Shroud of Golubria    Chrm/Tloc      ####..       3%          2    None
d - Spectral Weapon       Hex/Chrm       ####....     6%          3    #......
e - Swiftness             Chrm/Air       ####....     3%          2    None

Your spell library contained the following spells:

 Spells                   Type           Power        Failure   Level  Hunger
 Foxfire                  Conj/Fire      ###.         3%          1    None
 Sandblast                Erth           ###...       3%          1    None
 Shock                    Conj/Air       ###.         3%          1    None
 Passwall                 Tmut/Erth      ###.....     5%          2    None
 Ozocubu's Armour         Chrm/Ice       ####....     6%          3    #......
 Static Discharge         Conj/Air       ###.....     11%         3    #......
 Stone Arrow              Conj/Erth      ###...       11%         3    #......
 Airstrike                Air            ###.......   34%         4    ###....
 Passage of Golubria      Tloc           N/A          34%         4    ###....
 Petrify                  Tmut/Erth      ###.....     34%         4    ###....
 Sticky Flame             Conj/Fire      ###.....     34%         4    ###....
 Lee's Rapid Deconstruct  Erth           ###.......   67%         5    #####..
 Lightning Bolt           Conj/Air       ###.......   67%         5    #####..
 Controlled Blink         Tloc           N/A          100%        8    #######


Dungeon Overview and Level Annotations

Branches:
Dungeon (10/15)            Temple (1/1) D:6
   Lair: D:8-11         Orc: D:9-12

Altars:
Ashenzari
Cheibriados
Dithmenos
Elyvilon
Fedhas
Gozag
Hepliaklqana
Kikubaaqudgha
Makhleb
Nemelex Xobeh
Okawaru
Qazlal
Ru
Sif Muna
Trog
Uskayaw
Vehumet
Wu Jian
Xom
Yredelemnul
Zin
The Shining One

Shops:
D:4 =*:(


Innate Abilities, Weirdness & Mutations

Your experience applies equally to all skills.
You have very sharp teeth.
Your uncanny sense of smell can sniff out nearby items.
Your life essence is reduced to manifest your ancestor. (-10% HP)


Message History

The death yak gores you!! The death yak gores you!
There is an open door, spattered with blood here.
You sock the death yak! You bite the death yak.
The death yak is severely wounded.
The death yak barely misses you.
You no longer feel sluggish.
The death yak gores you but does no damage.
You sock the death yak!
The death yak is severely wounded.
You are feeling hungry.
The death yak gores you!
* * * LOW HITPOINT WARNING * * *
Press: ? - help, v - describe, . - travel
Here: a death yak (severely wounded)
The floor, spattered with blood.
You hit the death yak.
The death yak is severely wounded.
The death yak gores you!
You die...

▒'▒▒▒▒▒▒ ▒▒▒∙▒▒
∙∙∙∙∙∙∙▒ ▒▒▒∙∙∙∙▒
∙∙∙∙∙∙∙▒ ▒▒∙∙∙∙∙∙▒
∙∙∙∙∙∙∙▒▒▒▒▒∙∙▒∙∙∙∙▒
∙∙∙∙∙∙∙▒▒∙∙∙∙▒▒∙∙∙∙▒
∙∙∙∙∙∙)'∙∙▒▒▒▒▒▒▒∙▒▒
∙∙∙∙∙∙∙▒▒▒▒ ▒∙∙▒
▒▒▒▒▒)▒▒ ▒∙▒▒ ▒▒<∙∙▒
▒@▒ ▒∙∙▒▒▒ ▒Y▒
▒▒∙▒▒▒▒▒▒ ▒▒'▒▒▒▒▒▒
∙∙∙∙∙∙[[▒ ▒∙∙∙∙∙∙∙▒
∙∙∙∙∙∙[>▒▒▒▒▒▒▒∙∙∙∙∙∙∙▒
∙∙∙∙∙∙[∙▒▒∙∙∙∙'∙∙∙∙∙∙∙▒
∙∙∙∙∙∙∙∙∙∙∙▒▒▒▒∙∙∙∙∙∙∙▒
∙∙∙∙∙∙∙∙▒▒▒▒ ▒∙∙∙∙∙∙>▒
∙∙∙∙∙∙∙∙▒ ▒∙∙∙∙∙∙∙▒


You could see a death yak.

Vanquished Creatures
  Fannar (D:10)
  Erica (D:8)
  A death yak (D:10)
  Pikel (D:9)
  Joseph (D:7)
  Psyche (D:8)
  Prince Ribbit (D:6)
  A spriggan (D:9)
  A yak (D:10)
  Edmund (D:6)
  An orc warrior (D:10)
  A slave (D:9)
  An ice beast (D:8)
  A black bear (D:5)
  The ghost of Mryle the Chucker, an amateur MiHu of Cheibriados (D:4)
  2 eyes of draining
  4 ogres
  2 centaurs (D:9)
  A big kobold (D:7)
  4 bullfrogs
  A scorpion (D:9)
  8 wights (D:9)
  3 killer bees (D:8)
  A howler monkey (D:6)
  2 crimson imps
  4 quasits
  4 hounds
  An orc priest (D:9)
  3 bullfrog skeletons
  A jelly (D:7)
  2 iguanas
  3 orc wizards
  5 worker ants
  2 hound skeletons
  14 adders
  A howler monkey skeleton (D:7)
  A shadow imp (D:9)
  2 oozes (D:3)
  An adder zombie (D:6)
  A worm (D:4)
  2 dart slugs
  2 leopard geckos
  13 orcs
  4 giant cockroaches
  11 hobgoblins
  7 jackals
  8 quokkas
  14 bats
  8 frilled lizards
  8 goblins
  A jackal skeleton (D:5)
  11 kobolds
  6 rats
183 creatures vanquished.

Vanquished Creatures (collateral kills)
  An unseen horror (D:10)
  A sky beast (D:8)
  A slave (D:9)
  An ice beast (D:8)
  2 phantoms
  A killer bee (D:8)
  2 crimson imps
  A bullfrog zombie (D:7)
  A bullfrog skeleton (D:9)
  2 adders
  A leopard gecko (D:6)
  An orc (D:6)
  A giant cockroach (D:7)
  A quokka (D:8)
  A kobold (D:7)
18 creatures vanquished.

Vanquished Creatures (others)
  A hound (D:9)
  2 hexers (D:10)
  2 ancestors
  A spectral weapon (D:10)
6 creatures vanquished.

Grand Total: 207 creatures vanquished

Notes
Turn   | Place    | Note
-------+----------+-------------------------------------------
     0 | D:1      | Cab the Gnoll Skald began the quest for the Orb.
     0 | D:1      | Reached XP level 1. HP: 20/20 MP: 6/6
   237 | D:1      | Reached XP level 2. HP: 14/26 MP: 5/7
   333 | D:1      | Learned a level 2 spell: Song of Slaying
   336 | D:1      | Learned a level 2 spell: Shroud of Golubria
   818 | D:1      | Reached XP level 3. HP: 30/31 MP: 9/9
   910 | D:1      | Reached skill level 5 in Spellcasting
  1195 | D:2      | Reached skill level 1 in Invocations
  1329 | D:2      | Reached skill level 1 in Short Blades
  1329 | D:2      | Reached skill level 1 in Long Blades
  1329 | D:2      | Reached skill level 1 in Axes
  1329 | D:2      | Reached skill level 1 in Polearms
  1329 | D:2      | Reached skill level 1 in Staves
  1329 | D:2      | Reached skill level 1 in Slings
  1329 | D:2      | Reached skill level 1 in Bows
  1329 | D:2      | Reached skill level 1 in Crossbows
  1329 | D:2      | Reached skill level 1 in Throwing
  1329 | D:2      | Reached skill level 1 in Stealth
  1329 | D:2      | Reached skill level 1 in Shields
  1329 | D:2      | Reached skill level 1 in Unarmed Combat
  1329 | D:2      | Reached skill level 1 in Evocations
  1548 | D:2      | Reached XP level 4. HP: 34/38 MP: 11/11
  1553 | D:2      | Learned a level 3 spell: Spectral Weapon
  1700 | D:2      | Found a sacrificial altar of Ru.
  1715 | D:2      | Reached skill level 1 in Conjurations
  1715 | D:2      | Reached skill level 1 in Hexes
  1715 | D:2      | Reached skill level 1 in Summonings
  1715 | D:2      | Reached skill level 1 in Necromancy
  1715 | D:2      | Reached skill level 1 in Translocations
  1715 | D:2      | Reached skill level 1 in Transmutations
  1715 | D:2      | Reached skill level 1 in Fire Magic
  1715 | D:2      | Reached skill level 1 in Ice Magic
  1715 | D:2      | Reached skill level 1 in Air Magic
  1715 | D:2      | Reached skill level 1 in Earth Magic
  1715 | D:2      | Reached skill level 1 in Poison Magic
  2155 | D:3      | Reached XP level 5. HP: 43/43 MP: 12/12
  2618 | D:3      | Reached XP level 6. HP: 50/50 MP: 9/13
  2632 | D:3      | Found a glowing golden altar of the Shining One.
  2863 | D:4      | Found a transporter.
  2881 | D:4      | Found Lihumeni's General Store.
  2891 | D:4      | Noticed Mryle's ghost (amateur MiHu)
  2947 | D:4      | Found a transporter.
  2969 | D:4      | Reached skill level 5 in Fighting
  2969 | D:4      | Reached skill level 5 in Maces & Flails
  2969 | D:4      | Reached skill level 5 in Dodging
  3047 | D:4      | Reached XP level 7. HP: 56/56 MP: 7/15
  3057 | D:4      | Killed Mryle's ghost
  3132 | D:4      | Found Duxo's Jewellery Shop.
  3175 | D:4      | Bought a potion of curing for 39 gold pieces
  3175 | D:4      | Bought a scroll of identify for 26 gold pieces
  3307 | D:4      | Found Becla's Book Shoppe.
  3368 | D:4      | Found Fusonwouri's Weapon Emporium.
  3467 | D:5      | Entered Level 5 of the Dungeon
  3490 | D:5      | Found a white marble altar of Elyvilon.
  3639 | D:5      | Found a stormy altar of Qazlal.
  4062 | D:5      | Found a radiant altar of Vehumet.
  4370 | D:5      | Reached XP level 8. HP: 63/63 MP: 10/16
  4687 | D:6      | Found a staircase to the Ecumenical Temple.
  4695 | Temple   | Entered the Ecumenical Temple
  4776 | Temple   | Became a worshipper of Hepliaklqana the Forgotten
  4934 | D:6      | Noticed Prince Ribbit
  4940 | D:6      | Killed Prince Ribbit
  5103 | D:6      | Noticed Edmund
  5114 | D:6      | Killed Edmund
  5501 | D:7      | Learned a level 2 spell: Swiftness
  5541 | D:7      | Reached * piety under Hepliaklqana
  5611 | D:7      | Noticed Joseph
  5636 | D:7      | Killed Joseph
  5636 | D:7      | Reached XP level 9. HP: 39/62 MP: 3/18
  5739 | D:7      | Found a glowing silver altar of Zin.
  5775 | D:7      | Found a shimmering altar of Xom.
  6062 | D:8      | Noticed Erica
  6063 | D:8      | Paralysed by Erica for 4 turns
  6080 | D:8      | Paralysed by Erica for 5 turns
  6090 | D:8      | Killed Erica
  6090 | D:8      | Reached skill level 5 in Armour
  6232 | D:8      | Identified the Compendium of the Warped Arsonist
  6254 | D:8      | Noticed Psyche
  6267 | D:8      | Killed Psyche
  6267 | D:8      | Reached skill level 5 in Invocations
  6338 | D:8      | Reached XP level 10. HP: 69/69 MP: 20/20
  6925 | D:9      | Reached ** piety under Hepliaklqana
  6926 | D:9      | Remembered your ancestor Beldrama as a hexer
  6947 | D:9      | Reached skill level 5 in Short Blades
  6947 | D:9      | Reached skill level 5 in Long Blades
  6947 | D:9      | Reached skill level 5 in Axes
  6947 | D:9      | Reached skill level 5 in Polearms
  6947 | D:9      | Reached skill level 5 in Staves
  6947 | D:9      | Reached skill level 5 in Slings
  6947 | D:9      | Reached skill level 5 in Bows
  6947 | D:9      | Reached skill level 5 in Crossbows
  6947 | D:9      | Reached skill level 5 in Throwing
  6947 | D:9      | Reached skill level 5 in Stealth
  6947 | D:9      | Reached skill level 5 in Shields
  6947 | D:9      | Reached skill level 5 in Unarmed Combat
  6947 | D:9      | Reached skill level 5 in Evocations
  7145 | D:9      | Noticed Pikel
  7163 | D:9      | Killed Pikel
  7738 | D:9      | Found a shadowy altar of Dithmenos.
  7774 | D:10     | Entered Level 10 of the Dungeon
  7780 | D:10     | Noticed Fannar
  7784 | D:10     | Noticed an unseen horror
  7793 | D:10     | Killed an unseen horror
  8080 | D:10     | Noticed a death yak
  8085 | D:10     | Noticed a death yak
  8089 | D:10     | Noticed a death yak
  8090 | D:10     | Killed a death yak
  8090 | D:10     | Reached XP level 11. HP: 59/75 MP: 17/22
  8184 | D:10     | Killed Fannar
  8229 | D:9      | Mangled by a death yak

Illustrated notes

Levels and vault maps discovered:
D:1:      dpeg_arrival_castle, layout_basic, minmay_misc_feat_tower,
          bh_walls_and_bars
D:2:      layout_loops_ring, nicolae_ru_great_annihilating_truth,
          chequers_decorated_corner
D:3:      layout_rooms, nicolae_tso_swordbearing_angel
D:4:      layout_cave_pools, first_ration, gammafunk_ghost_stat_death,
          serial_shops, shop_statue, shop, shop, nicolae_shop_behind_doors
D:5:      layout_gridville, vehumet_altar_wand_db, old_standard_altar,
          elyvilon_altar_5
D:6:      layout_gridville, minmay_temple_entry_waves, uniq_edmund,
          uniq_prince_ribbit1
D:7:      layout_rooms, zin_scriptorium, basic_altar, uniq_joseph
D:8:      kennysheep_spiral_hall, layout_rooms, uniq_psyche, uniq_erica
D:9:      layout_roguey, kennysheep_little_box, serial_curves, eino_curves_03,
          eino_curves_03, the_bakery, uniq_pikel
D:10:     layout_cave_pools, dpeg_lair_monsters, orc_0_dummy, uniq_fannar
Temple:   kb_temple_of_zot

Skill      XL: |  1  2  3  4  5  6  7  8  9 10 |
---------------+-------------------------------+-----
Spellcasting   | 5 6 7 |  7.8
Invocations    | 1 2 3 4 5 6 |  6.5
Short Blades   | 1 2 3 4 5 |  5.9
Long Blades    | 1 2 3 4 5 |  5.9
Axes           | 1 2 3 4 5 |  5.9
Polearms       | 1 2 3 4 5 |  5.9
Staves         | 1 2 3 4 5 |  5.9
Slings         | 1 2 3 4 5 |  5.9
Bows           | 1 2 3 4 5 |  5.9
Crossbows      | 1 2 3 4 5 |  5.9
Throwing       | 1 2 3 4 5 |  5.9
Stealth        | 1 2 3 4 5 |  5.9
Shields        | 1 2 3 4 5 |  5.9
Unarmed Combat | 1 2 3 4 5 |  5.9
Evocations     | 1 2 3 4 5 |  5.9
Conjurations   | 1 2 3 4 |  4.9
Hexes          | 1 2 3 4 |  4.9
Summonings     | 1 2 3 4 |  4.9
Necromancy     | 1 2 3 4 |  4.9
Translocations | 1 2 3 4 |  4.9
Transmutations | 1 2 3 4 |  4.9
Fire Magic     | 1 2 3 4 |  4.9
Ice Magic      | 1 2 3 4 |  4.9
Air Magic      | 1 2 3 4 |  4.9
Earth Magic    | 1 2 3 4 |  4.9
Poison Magic   | 1 2 3 4 |  4.9
Armour         | 3 4 5 6 |  6.5
Fighting       | 5 6 7 |  7.6
Maces & Flails | 5 6 7 |  7.6
Dodging        | 5 6 7 |  7.6
Charms         | 6 7 |  7.4

Action                   |  1- 3 |  4- 6 |  7- 9 | 10-12 || total
-------------------------+-------+-------+-------+-------++-------
Melee: Mace              |   102 |   215 |   107 |       ||   424
       Bite              |     7 |    26 |    32 |    28 ||    93
       Punch             |       |     1 |     5 |     3 ||     9
       Flail             |       |       |    72 |   209 ||   281
 Cast: Infusion          |     3 |     9 |    13 |     8 ||    33
       Shroud of Golubri |       |     3 |     5 |     4 ||    12
       Song of Slaying   |       |     2 |     1 |     1 ||     4
       Spectral Weapon   |       |       |       |     2 ||     2
       Swiftness         |       |       |       |     2 ||     2
Invok: Recall Ancestor   |       |       |     1 |       ||     1
       Ancestor Identity |       |       |     1 |       ||     1
       Ancestor Life: He |       |       |       |     1 ||     1
Evoke: Wand              |       |       |     1 |     6 ||     7
  Use: Scroll            |     6 |     3 |    10 |     1 ||    20
       Potion            |       |     1 |     3 |     2 ||     6
 Stab: Paralysed         |       |     1 |       |       ||     1
       Distracted        |       |       |     1 |     2 ||     3
       Sleeping          |       |       |       |     4 ||     4
       Confused          |       |       |       |     1 ||     1
  Eat: Chunk             |     2 |     5 |     7 |     3 ||    17
       Ration            |       |       |     1 |     1 ||     2
Armor: Leather armour    |    18 |       |       |       ||    18
       Scale mail        |     6 |   110 |    82 |   106 ||   304
Dodge: Dodged            |   116 |   309 |   138 |   154 ||   717
